 Dungeon Crawl Stone Soup version 0.24.0-29-g8ce449bc06 (webtiles) character file.

Game seed: 3456743293675617559, levelgen mode: deterministic

86 Bombadil the Insei (level 4, -2/32 HPs)
             Began as a Demonspawn Transmuter on Nov 16, 2019.
             Was an Initiate of Ashenzari.
             Slain by an orc warrior
             ... wielding a +0 scimitar
              (17 damage)
             ... on level 3 of the Dungeon.
             The game lasted 00:06:37 (2976 turns).

Bombadil the Insei (Demonspawn Transmuter)          Turns: 2976, Time: 00:06:38

Health: -2/32      AC:  2    Str: 11    XL:     4   Next: 27%
Magic:  1/8        EV: 22    Int: 15    God:    Ashenzari [......]
Gold:   146        SH:  0    Dex: 18    Spells: 2/8 levels left

rFire    . . .     SeeInvis .     - Unarmed
rCold    . . .     Gourm    .   (shield currently unavailable)
rNeg     . . .     Faith    .   (armour currently unavailable)
rPois    x         Spirit   .   (helmet currently unavailable)
rElec    .         Reflect  .   (cloak currently unavailable)
rCorr    .         Harm     .   (gloves currently unavailable)
MR       +....                  (boots currently unavailable)
Stlth    ++........             (no amulet)
HPRegen  0.10/turn              o - ring of protection from magic
MPRegen  0.11/turn              (no ring)

@: spider-form (expiring), very slightly contaminated
A: tiny, repulsion field 1
a: End Transformation, Curse Item, Renounce Religion


You were on level 3 of the Dungeon.
You worshipped Ashenzari.
Ashenzari was noncommittal.
You were not hungry.
You were a venomous arachnid creature.
You visited 1 branch of the dungeon, and saw 3 of its levels.

You collected 146 gold pieces.

Inventory:

Missiles
 a - 20 arrows
Armour
 b - a +0 robe
 c - a +0 cloak (melded)
 j - a +0 leather armour of fire resistance (melded)
Jewellery
 h - an uncursed ring of fire
 o - a ring of protection from magic (left front leg)
Scrolls
 e - 5 scrolls of remove curse
 f - 2 scrolls of blinking {unknown}
 g - 2 scrolls of enchant armour {unknown}
 i - 3 scrolls of magic mapping {unknown}
 k - a scroll of identify {unknown}
 m - 2 scrolls of immolation {unknown}
 p - a scroll of fog {unknown}
Potions
 l - a potion of berserk rage {unknown}
 q - a potion of haste {unknown}
Comestibles
 d - 4 rations
 n - 4 chunks of flesh


   Skills:
 + Level 1.0 Fighting
 + Level 2.1 Dodging
 + Level 0.7 Stealth
 + Level 3.7 Unarmed Combat
 + Level 2.8 Spellcasting
 + Level 2.0 Transmutations
 + Level 0.1 Poison Magic


You had 2 spell levels left.
You knew the following spells:

 Your Spells              Type           Power        Failure   Level  Hunger
a - Beastly Appendage     Tmut           #.....       22%         1    #......
b - Sticks to Snakes      Tmut           #.......     32%         2    ##.....
c - Spider Form           Tmut/Pois      #.........   58%         3    ###....

Your spell library contained the following spells:

 Spells                   Type           Power        Failure   Level  Hunger
 Ice Form                 Ice/Tmut       #.......     92%         4    #####..
 Blade Hands              Tmut           #.........   98%         5    ######.


Dungeon Overview and Level Annotations

Branches:
Dungeon (3/15)

Altars:
Ashenzari

Annotations:
D:3 3 runed translucent doors, Winsalot's ghost, amateur HuWn; mrkaede's ghost, amateur GrBe


Innate Abilities, Weirdness & Mutations

((You have sharp fingernails.))
You are surrounded by a mild repulsion field. (EV +2)


Message History

The orc warrior is lightly wounded.
The orc warrior hits you with a +0 scimitar!
Ouch! That really hurt!
You closely miss the orc warrior.
The orc warrior is lightly wounded.
Your transformation is almost over.
The orc warrior closely misses you.
You barely miss the orc warrior.
The orc warrior is lightly wounded.
You closely miss the orc warrior.
The orc warrior is lightly wounded.
The orc warrior closely misses you.
You hit the orc warrior but do no damage.
The orc warrior is lightly wounded.
The orc warrior closely misses you.
You closely miss the orc warrior.
The orc warrior is lightly wounded.
The orc warrior hits you with a +0 scimitar!
Ouch! That really hurt!
You die...

####..# #.....#
#.#.######.##.## ##
#..........##... .#
...######..#######.# ?#.#
#..######...####.#.#
#.....##..#........
##...#.##....# ##..
#......##s#.# #o.
#.....#.##o#.# #.# #
.......#.##o#.####o##>##.#
###........#o#.#.o)ooS.....
##....###oS#[#.##o##.##.#
##...# #....#.##.##.#
###.###.<###.##...#
##...#.###.###.##
...........(####.#.#


You could see an orc warrior, an adder and 3 orcs.

Vanquished Creatures
  2 adders (D:2)
  2 dart slugs (D:1)
  4 leopard geckos
  3 orcs
  A ball python (D:1)
  5 bats
  3 giant cockroaches (D:1)
  7 goblins
  6 hobgoblins
  6 jackals
  4 frilled lizards
  5 kobolds
  6 rats
54 creatures vanquished.

Notes
Turn   | Place    | Note
-------+----------+-------------------------------------------
     0 | D:1      | Bombadil the Demonspawn Transmuter began the quest for the
                  | Orb.
     0 | D:1      | Reached XP level 1. HP: 15/15 MP: 3/3
   322 | D:1      | Reached skill level 3 in Unarmed Combat
   660 | D:1      | Gained mutation: You have sharp fingernails. [demonic
                  | ancestry]
   660 | D:1      | Reached XP level 2. HP: 21/21 MP: 3/5
   827 | D:1      | Learned a level 2 spell: Sticks to Snakes
   939 | D:1      | Gained mutation: You are surrounded by a mild repulsion
                  | field. (EV +2) [demonic ancestry]
   939 | D:1      | Reached XP level 3. HP: 9/26 MP: 4/6
  1294 | D:1      | Learned a level 3 spell: Spider Form
  1916 | D:2      | Found a shattered altar of Ashenzari.
  2207 | D:2      | Became a worshipper of Ashenzari the Shackled
  2278 | D:2      | Reached XP level 4. HP: 16/32 MP: 5/8
  2818 | D:3      | Found a runed translucent gate.
  2818 | D:3      | Found a runed translucent gate.
  2819 | D:3      | Found a runed translucent gate.
  2819 | D:3      | Noticed Winsalot's ghost (amateur HuWn)
  2819 | D:3      | Noticed mrkaede's ghost (amateur GrBe)
  2941 | D:3      | Noticed an orc warrior
  2976 | D:3      | Slain by an orc warrior

Levels and vault maps discovered:
D:1:      mainiacjoe_arrival_reflecting_pool, layout_basic, amethyst_killhole,
          wander_ebering_terrifying_dragon_lair
D:2:      layout_rooms, ashenzari_conservatory_becter
D:3:      layout_loops_ring, lemuel_doored_altar, first_ration,
          gammafunk_ghost_cemetery, minmay_increasing_density

Skill      XL: |  1  2  3 |
---------------+----------+-----
Unarmed Combat | 3 |  3.7
Dodging        | 2 |  2.1
Transmutations | 2 |  2.0
Fighting       | |  1.0
Stealth        | |  0.7
Spellcasting   | |  2.8
Poison Magic   | |  0.1

Action                   |  1- 3 |  4- 6 || total
-------------------------+-------+-------++-------
Melee: Unarmed           |   120 |    41 ||   161
       Headbutt          |    12 |     1 ||    13
       Kick              |     3 |       ||     3
       Punch             |     1 |       ||     1
 Cast: Beastly Appendage |    19 |     7 ||    26
       Spider Form       |     1 |     1 ||     2
       Sticks to Snakes  |       |     1 ||     1
 Stab: Sleeping          |     1 |       ||     1
  Eat: Chunk             |     4 |     3 ||     7
Armor: Robe              |    17 |     2 ||    19
       Leather armour    |       |     7 ||     7
Dodge: Dodged            |    72 |    30 ||   102
